 Dungeon Crawl Stone Soup version 0.22-a0-596-gfbd32a6 (webtiles) character file.

10451 wellist the Cleaver (level 11, 0/101 HPs)
             Began as a Hill Orc Fighter on July 5, 2018.
             Was a Believer of Makhleb.
             Slain by a cyclops (3 damage)
             ... on level 11 of the Dungeon.
             The game lasted 00:47:09 (12737 turns).

wellist the Cleaver (Hill Orc Fighter)             Turns: 12737, Time: 00:47:10

Health: 0/101      AC: 10    Str: 23    XL:     11   Next: 62%
Magic:  0/24       EV:  9    Int:  8    God:    Makhleb [**....]
Gold:   626        SH: 11    Dex: 12    Spells: 10/10 levels left

rFire    . . .     SeeInvis .   a - +1 war axe
rCold    . . .     Gourm    +   c - +0 shield
rNeg     . . .     Faith    .   x - +1 ring mail {rPois}
rPois    +         Spirit   +   C - +1 hat
rElec    .         Reflect  .   H - scarf {Spirit}
rCorr    .         Harm     .   (no gloves)
MR       .....                  E - +0 pair of boots
Stlth    +.........             w - amulet of the gourmand
HPRegen  0.26/turn              B - ring of magical power
MPRegen  0.19/turn              D - +2 ring of strength

@: drained
A: no striking features
a: Minor Destruction, Renounce Religion


You were on level 11 of the Dungeon.
You worshipped Makhleb.
Makhleb was pleased with you.
You were completely stuffed.

You visited 2 branches of the dungeon, and saw 12 of its levels.
You also visited: Sewer.

You collected 626 gold pieces.

Inventory:

Hand Weapons
 a - a +1 war axe (weapon)
 F - a +0 shortbow
Missiles
 e - 160 arrows
Armour
 c - a +0 shield (worn)
 x - a +1 ring mail of poison resistance (worn)
 C - a +1 hat (worn)
 E - a +0 pair of boots (worn)
 H - a scarf of spirit shield (worn)
Jewellery
 t - an uncursed ring of fire {unknown}
 w - an amulet of the gourmand (around neck)
 y - an uncursed amulet of the acrobat
 B - a ring of magical power (left hand)
 D - a +2 ring of strength (right hand)
 J - an uncursed ring of protection from magic {unknown}
Wands
 b - a wand of polymorph (3)
 g - a wand of iceblast (9)
 n - a wand of disintegration (12)
 o - a wand of digging (50)
 A - a wand of acid (11)
 I - a wand of flame (29)
 K - a wand of paralysis (26)
Scrolls
 h - 2 scrolls of remove curse
 i - 3 scrolls of amnesia
 j - 2 scrolls of enchant weapon
 k - 8 scrolls of identify
 m - 3 scrolls of teleportation
 r - 2 scrolls of immolation
 u - a scroll of blinking
 v - a scroll of vulnerability {unknown}
 G - a scroll of magic mapping
Potions
 d - 4 potions of might
 l - 2 potions of heal wounds
 p - a potion of degeneration
 q - a potion of mutation {unknown}
 s - 3 potions of berserk rage
 z - 3 potions of curing
Comestibles
 f - 15 rations
 L - 2 chunks of flesh


   Skills:
 * Level 10.3(9.9) Fighting
 * Level 13.2(12.8) Axes
 - Level 3.5(3.2) Bows
 * Level 9.7(9.3) Armour
 - Level 1.3(1.0) Dodging
 - Level 0.1(0.0) Stealth
 + Level 7.7(7.3) Shields
 + Level 6.0(5.7) Invocations


You had 10 spell levels left.
You didn't know any spells.
Your spell library contained the following spells:

 Spells                   Type           Power        Failure   Level  Hunger
 Apportation              Tloc           #.....       86%         1    ##.....
 Summon Small Mammal      Summ           #...         86%         1    ##.....
 Animate Skeleton         Necr           N/A          86%         1    ##.....
 Statue Form              Tmut/Erth      #........    100%        6    #######
 Dragon Form              Tmut           #.........   100%        7    #######
 Confusing Touch          Hex            #.....       86%         1    ##.....
 Hydra Form               Tmut           #.........   100%        6    #######
 Irradiate                Conj/Tmut      #.........   100%        5    ######.


Dungeon Overview and Level Annotations

Branches:
Dungeon (11/15)            Temple (1/1) D:6            Lair (0/6) D:9
    Orc: D:9-12

Altars:
Ashenzari
Cheibriados
Dithmenos
Elyvilon
Fedhas
Gozag
Hepliaklqana
Kikubaaqudgha
Makhleb
Okawaru
Qazlal
Ru
Sif Muna
Trog
Uskayaw
Vehumet
Yredelemnul
Zin
The Shining One
Lugonu

Annotations:
D:5 2 runed doors, TheNamelessOne's ghost, novice HOFi


Message History

The big kobold is almost dead.
The big kobold hits you.
* * * LOW HITPOINT WARNING * * *
You closely miss the big kobold.
The big kobold is almost dead.
The big kobold hits you.
* * * LOW HITPOINT WARNING * * *
You hit the big kobold.
You kill the big kobold!
Makhleb accepts your kill.
You barely miss the kobold. The kobold hits you but does no damage.
The cyclops throws a large rock.
You block the large rock.
You completely miss the kobold. You block the kobold's attack.
You slash the kobold!
You kill the kobold!
Makhleb accepts your kill.
You feel better.
The cyclops throws a large rock.
The large rock hits you!!
* * * LOW HITPOINT WARNING * * *
The cyclops hits you.
You die...

##............## #####
#..............##....##
#.$............##.<....
#..............##......
#........(.....##......
##....$.........##......
..............(###......
....?.=(..((.(((........
#######@)#########......
#C## #...... #.(().#
##.....) .........#
#..##### ............#
#.## # ............#
#.###### ............#
#.#..>.. ............#
#.#..... .............
#.#.....


You could see a cyclops.

Vanquished Creatures
  Gastronok (D:8)
  3 two-headed ogres
  Pikel (D:5)
  An ugly thing (D:11)
  A komodo dragon (D:9)
  A kobold demonologist (D:10)
  2 hippogriffs
  A spriggan (D:9)
  A hungry ghost (D:7)
  Menkaure (D:5)
  2 water moccasins
  Duvessa (D:5)
  2 ice beasts
  3 slaves (D:5)
  Purgy (Sewer)
  An orc warrior (D:10)
  3 sky beasts
  2 phantoms
  2 black bears
  3 ogres
  5 centaurs
  3 big kobolds
  5 bullfrogs
  Blork the orc (D:4)
  Dowan (D:5)
  5 scorpions
  4 killer bees (D:9)
  10 wights (D:10)
  4 howler monkeys
  4 crimson imps
  A centaur zombie (D:8)
  2 orc priests (D:10)
  2 jellies
  4 bullfrog skeletons
  3 hounds
  9 worker ants
  2 iguanas
  3 orc wizards
  2 hound skeletons
  A howler monkey zombie (D:7)
  A worker ant zombie (D:8)
  A river rat (D:6)
  14 adders
  3 shadow imps
  2 adder skeletons
  4 worms
  3 dart slugs
  5 leopard geckos
  23 orcs
  16 bats
  5 giant cockroaches
  11 goblins
  6 hobgoblins
  6 jackals
  5 quokkas
  2 ball pythons (D:6)
  2 frilled lizards
  A jackal skeleton (D:6)
  24 kobolds
  A quokka zombie (D:6)
  9 rats
  2 plants (D:9)
250 creatures vanquished.

Vanquished Creatures (others)
  A sky beast (D:11)
1 creature vanquished.

Grand Total: 251 creatures vanquished

Notes
Turn   | Place    | Note
-------+----------+-------------------------------------------
     0 | D:1      | wellist the Hill Orc Fighter began the quest for the Orb.
     0 | D:1      | Reached XP level 1. HP: 19/19 MP: 1/1
   235 | D:1      | Reached XP level 2. HP: 15/27 MP: 2/2
   481 | D:1      | Reached skill level 3 in Axes
   719 | D:1      | Reached XP level 3. HP: 30/33 MP: 3/3
  1322 | D:2      | Reached XP level 4. HP: 40/40 MP: 4/4
  1376 | D:2      | Reached skill level 4 in Axes
  2040 | D:3      | Found a stormy altar of Qazlal.
  2053 | D:3      | Reached XP level 5. HP: 32/46 MP: 5/5
  2581 | D:3      | Reached skill level 5 in Axes
  2711 | D:3      | Found a deep blue altar of Sif Muna.
  2875 | D:3      | Reached XP level 6. HP: 42/53 MP: 6/6
  3347 | D:4      | Noticed Blork the orc
  3355 | D:4      | Killed Blork the orc
  3477 | D:4      | Reached skill level 6 in Axes
  3797 | D:5      | Entered Level 5 of the Dungeon
  3822 | D:5      | Reached XP level 7. HP: 56/60 MP: 7/7
  3924 | D:5      | Found a large runed door.
  3924 | D:5      | Found a large runed door.
  3931 | D:5      | Noticed TheNamelessOne's ghost (novice HOFi)
  3956 | D:5      | Noticed Duvessa
  3998 | D:5      | Noticed Dowan
  4004 | D:5      | Killed Duvessa
  4004 | D:5      | Reached skill level 5 in Fighting
  4011 | D:5      | HP: 1/61 [Dowan/shard of ice (23)]
  4012 | D:5      | Killed Dowan
  4012 | D:5      | Reached skill level 7 in Axes
  4042 | D:5      | Noticed Pikel
  4419 | D:5      | Reached skill level 5 in Armour
  4419 | D:5      | Reached skill level 1 in Dodging
  4536 | D:5      | Found a radiant altar of Vehumet.
  4536 | D:5      | Found a hide-covered altar of Uskayaw.
  4536 | D:5      | Found a basalt altar of Yredelemnul.
  4548 | D:5      | Reached skill level 8 in Axes
  4791 | D:5      | Noticed Menkaure
  4805 | D:5      | Killed Menkaure
  4805 | D:5      | Reached XP level 8. HP: 15/69 MP: 8/8
  5199 | D:5      | Killed Pikel
  5199 | D:5      | Reached skill level 9 in Axes
  5199 | D:5      | Reached skill level 5 in Shields
  5492 | D:6      | Found a glowing drain.
  5517 | Sewer    | Entered a sewer
  5549 | Sewer    | Noticed Purgy
  5559 | Sewer    | Killed Purgy
  5559 | Sewer    | Reached skill level 10 in Axes
  5849 | D:6      | Reached XP level 9. HP: 78/78 MP: 9/9
  6202 | D:6      | Found a staircase to the Ecumenical Temple.
  6221 | Temple   | Entered the Ecumenical Temple
  6314 | Temple   | Became a worshipper of Makhleb the Destroyer
  7143 | D:7      | Reached skill level 1 in Invocations
  7175 | D:7      | Reached skill level 1 in Bows
  7839 | D:7      | Reached skill level 11 in Axes
  8228 | D:8      | Found a bloodstained altar of Trog.
  8345 | D:8      | Noticed Gastronok
  8422 | D:8      | HP: 2/118 [Gastronok (5)]
  8425 | D:8      | Killed Gastronok
  8425 | D:8      | Reached XP level 10. HP: 2/90 MP: 1/12
  8877 | D:8      | Reached * piety under Makhleb
  8999 | D:8      | Noticed a two-headed ogre
  9006 | D:8      | Killed a two-headed ogre
  9006 | D:8      | Reached skill level 12 in Axes
  9120 | D:8      | Noticed a two-headed ogre
  9138 | D:8      | Killed a two-headed ogre
  9810 | D:9      | Reached XP level 11. HP: 97/97 MP: 14/14
 10002 | D:9      | Found a blossoming altar of Fedhas.
 10052 | D:9      | Reached skill level 5 in Invocations
 10068 | D:9      | Found a shadowy altar of Dithmenos.
 10296 | D:9      | Found a staircase to the Lair.
 10676 | D:9      | Noticed a two-headed ogre
 10694 | D:9      | Killed a two-headed ogre
 11383 | D:10     | Entered Level 10 of the Dungeon
 11694 | D:10     | Found a corrupted altar of Lugonu.
 11803 | D:10     | Reached ** piety under Makhleb
 11816 | D:10     | Reached skill level 10 in Fighting
 11829 | D:10     | Reached skill level 13 in Axes
 11882 | D:10     | Found a transporter.
 11890 | D:10     | Noticed a brown ugly thing
 11890 | D:10     | Noticed a purple ugly thing
 11890 | D:10     | Noticed a red ugly thing
 11891 | D:10     | Noticed a white ugly thing
 12001 | D:10     | Got a jet-encrusted leather armour
 12012 | D:10     | Identified the +2 leather armour of Imperfection {rF+ Stlth+} (You found it on level 10 of the Dungeon)
 12704 | D:11     | Noticed a cyan ugly thing
 12708 | D:11     | Noticed a cyclops
 12726 | D:11     | HP: 3/100 [cyan ugly thing (14)]
 12729 | D:11     | Killed a cyan ugly thing
 12736 | D:11     | HP: 3/101 [cyclops/large rock (18)]
 12737 | D:11     | Slain by a cyclops

Vault maps used:
D:1:      mainiacjoe_arrival_reflecting_pool
D:2:      first_ration, corexii_hall_statues_u
D:3:      lemuel_round_altar, grunt_qazlal_clouds
D:4:      chequers_big_river, uniq_blork_the_orc
D:5:      gammafunk_temple_overflow_claw, ebering_ghost_disaster_area,
          uniq_pikel, uniq_duvessa, uniq_menkaure
D:6:      minmay_temple_entry_statues, portal_sewer_entry_a,
          minmay_misc_feat_iff
D:8:      bloody_trog, uniq_gastronok
D:9:      lemuel_round_altar, david_lair_shrubbed, grunt_pizzeria,
          grunt_dithmenos_shadows
D:10:     gammafunk_corrupted_shrine
D:11:     serial_shops, shop, kennysheep_potato
Temple:   regret_index_temple_sphere_string
Sewer:    sewer_big_baddie

Skill      XL: |  1  2  3  4  5  6  7  8  9 10 11 |
---------------+----------------------------------+-----
Axes           | 3 4 5 6 8 10 11 12 13 | 13.2
Fighting       | 4 5 6 8 9 10 | 10.3
Armour         | 4 5 6 8 9 |  9.7
Shields        | 4 5 6 7 |  7.7
Dodging        | 1 |  1.3
Invocations    | 3 4 6 |  6.0
Bows           | 2 3 |  3.5
Stealth        | |  0.1

Action                   |  1- 3 |  4- 6 |  7- 9 | 10-12 || total
-------------------------+-------+-------+-------+-------++-------
Melee: War axe           |   160 |   209 |   356 |   335 ||  1060
 Fire: Shortbow          |       |       |     8 |       ||     8
Throw: Stone             |     2 |       |       |       ||     2
Evoke: Wand              |       |       |       |     3 ||     3
  Use: Scroll            |       |     5 |       |     4 ||     9
       Potion            |       |       |     1 |     7 ||     8
  Eat: Chunk             |     2 |     8 |     9 |    16 ||    35
       Ration            |       |       |     2 |     2 ||     4
Armor: Scale mail        |    72 |    88 |    69 |       ||   229
       Ring mail         |       |       |    82 |   110 ||   192
Dodge: Dodged            |    56 |    58 |   125 |   102 ||   341
Block: Shield            |    97 |   112 |   190 |   174 ||   573

Table legend:
 A = Spawn XP
 B = Non-spawn XP
 C = Spawn XP percentage of total XP
 D = Spawn monster count
 E = Non-spawn monster count
 F = Spawn count percentage of total count
 G = Total turns spent on level
                    A         B        C        D         E        F      G
               +---------+---------+-------+---------+---------+-------+---------
         Total |       0 |   14931 |   0.0 |       0 |     246 |   0.0 | 12737
               +---------+---------+-------+---------+---------+-------+---------
           D:1 |       0 |      47 |   0.0 |       0 |      26 |   0.0 |  1018
           D:2 |       0 |     106 |   0.0 |       0 |      29 |   0.0 |   955
           D:3 |       0 |     169 |   0.0 |       0 |      24 |   0.0 |  1100
           D:4 |       0 |     231 |   0.0 |       0 |       7 |   0.0 |   724
           D:5 |       0 |    1363 |   0.0 |       0 |      12 |   0.0 |  1695
           D:6 |       0 |     514 |   0.0 |       0 |      18 |   0.0 |  1280
           D:7 |       0 |    1192 |   0.0 |       0 |      22 |   0.0 |  1168
           D:8 |       0 |    5405 |   0.0 |       0 |      28 |   0.0 |  1644
           D:9 |       0 |    2503 |   0.0 |       0 |      24 |   0.0 |  1742
          D:10 |       0 |    1971 |   0.0 |       0 |      29 |   0.0 |  1019
          D:11 |       0 |    1290 |   0.0 |       0 |      21 |   0.0 |   181
         Sewer |       0 |     140 |   0.0 |       0 |       6 |   0.0 |    89
               +---------+---------+-------+---------+---------+-------+---------
